AoeStats
← Председатель

Arabia

509756630Analyzed
2v2 RM · 3d ago on Sep 27, 2026· 55m 58s· 4 players
Game mode
Random Map
Map size
Medium (4 player)
Population
200
Speed
Normal
Resources
Standard
Victory
Conquest
Starting age
Dark Age
Ending age
Imperial Age
RankedLock teamsTeams togetherTeam positionsShared explorationLock speedFull tech treeHidden civsTurbo modeCheats
Victory
Defeat
🇦🇷 Teutons · Argentina
711
+16
🇦🇷 Spanish · Argentina
699
+16
718
-17
684
-15
Организм Требует
13:50 Feudal Age
15:33 Gold Mining
19:35 Bloodlines
32:41 Castle Age
47:18 Wheelbarrow
46:31 Double-Bit Axe
49:12 Scale Barding Armor
52:17 Loom
Председатель
11:41 Feudal Age
12:23 Double-Bit Axe
20:11 Man-at-Arms
21:07 Horse Collar
29:25 Castle Age
30:49 Long Swordsman
31:53 Pikeman
33:26 Squires
34:35 Heavy Plow
34:48 Bow Saw
34:28 Gambesons
34:45 Light Cavalry
43:11 Imperial Age
45:42 Two-Handed Swordsman
NDF
2:57 Loom
12:14 Feudal Age
14:18 Man-at-Arms
24:48 Castle Age
22:51 Arson
23:30 Horse Collar
24:21 Double-Bit Axe
24:33 Gold Mining
24:39 Stone Mining
26:46 Pikeman
27:27 Squires
29:40 Stone Shaft Mining
32:30 Bow Saw
35:38 Forging
35:29 Scale Mail Armor
35:21 Fletching
35:31 Padded Archer Armor
35:38 Scale Barding Armor
41:03 Imperial Age
40:16 Wheelbarrow
40:15 Bloodlines
41:08 Cavalier
41:27 Capped Ram
42:44 Hand Cart
43:45 Heavy Plow
44:21 Caravan
46:07 Masonry
46:04 Siege Engineers
46:10 Fortified Wall
46:24 Ballistics
45:55 Guard Tower
49:07 Elite Teutonic Knight
50:24 Hoardings
50:10 Ironclad
49:22 Sappers
52:50 Iron Casting
52:39 Chain Barding Armor
52:35 Chain Mail Armor
51:45 Paladin
56:36 Coinage
56:17 Guilds
estebanpa
13:16 Feudal Age
14:13 Horse Collar
18:40 Castle Age
16:26 Loom
18:13 Scale Barding Armor
18:02 Double-Bit Axe
18:58 Bloodlines
19:55 Bow Saw
20:24 Heavy Plow
21:10 Chain Barding Armor
20:46 Gold Mining
25:51 Squires
25:11 Pikeman
29:09 Imperial Age
27:19 Wheelbarrow
28:27 Gambesons
28:03 Man-at-Arms
29:33 Long Swordsman
30:38 Town Watch
31:16 Scale Mail Armor
31:27 Forging
32:38 Two-Man Saw
36:49 Two-Handed Swordsman
36:53 Halberdier
38:24 Chain Mail Armor
38:45 Iron Casting
38:46 Plate Barding Armor
37:39 Champion
38:44 Hand Cart
39:05 Ballistics
39:07 Stone Mining
39:53 Plate Mail Armor
40:53 Coinage
40:24 Caravan
41:28 Stone Shaft Mining
42:33 Blast Furnace
41:09 Cavalier
42:45 Town Patrol
46:44 Hoardings
51:59 Redemption
52:05 Block Printing
52:16 Illumination
51:54 Paladin
Connection lost

Rejoining the realm…

Still unreachable

The connection could not be restored.

Session expired

The server has moved on; the page needs a fresh start.